 Dungeon Crawl Stone Soup version 0.30-a0-802-gb92711bcdf (webtiles) character file.

Game seed: 15522549084740261624

16363 Pimp the Impaler (level 12, -8/101 HPs)
             Began as a Hill Orc Fighter on Feb 24, 2023.
             Was a Priest of the Shining One.
             Mangled by a two-headed ogre
             ... wielding a +0 giant club
              (21 damage)
             ... on level 11 of the Dungeon.
             The game lasted 00:27:28 (10044 turns).

Pimp the Impaler (Hill Orc Fighter)                Turns: 10044, Time: 00:27:29

Health: -8/101     AC: 34    Str: 32    XL:     12   Next: 36%
Magic:  12/12      EV:  8    Int:  9    God:    the Shining One [***...]
Gold:   490        SH:  5    Dex: 16    Spells: 11/11 levels left

rFire   + . .      SeeInvis +    x - +5 halberd (heavy)
rCold   + . .      Faith    .    (shield currently unavailable)
rNeg    + . .      Spirit   .    f - +8 crystal plate armour of Crawling {Harm rElec Will- Stlth+}
rPois   .          Reflect  +    N - +3 crown of Dyrovepreva {rElec Int+2 SInv}
rElec   +          Harm     +    (no cloak)
rCorr   .          Rampage  .    s - +2 pair of gloves
Will    .....                    (no boots) Stlth
                                 b - amulet of reflection
HPRegen 0.36/turn                k - +6 ring of strength
MPRegen 0.13/turn                l - ring "Lebyite" {rElec rF+ rC+ Str+3}

@: glowing
A: thin skeletal structure 1, agile 1
a: Renounce Religion, Divine Shield, Cleansing Flame


You were on level 11 of the Dungeon.
You worshipped the Shining One.
The Shining One was most pleased with you.
You visited 2 branches of the dungeon, and saw 12 of its levels.
You also visited: Sewer.

You collected 733 gold pieces.
You spent 243 gold pieces at shops.

Inventory:

Hand Weapons
 m - a +1 short sword of holy wrath
 x - a +5 heavy halberd (weapon)
 C - the +8 mace "Waxzaup" {heavy, rPois Dex+4}
   (You found it on level 5 of the Dungeon)

   Dex:       It affects your dexterity (+4).
   rPois:     It protects you from poison.
 O - a +0 scimitar of flaming
Missiles
 h - 2 atropa-tipped darts
 p - 7 curare-tipped darts
Armour
 f - the +8 crystal plate armour of Crawling (worn) {Harm rElec Will- Stlth+}
   (You acquired it on level 1 of the Dungeon)

   rElec:     It insulates you from electricity.
   Harm:      It increases damage dealt and taken.
   Will:      It decreases your willpower.
   Stlth:     It makes you more stealthy.
 s - a +2 pair of gloves (worn)
 y - a +2 helmet of intelligence
 N - the +3 crown of Dyrovepreva (worn) {rElec Int+2 SInv}
   (You found it on level 11 of the Dungeon)

   Int:       It affects your intelligence (+2).
   rElec:     It insulates you from electricity.
   SInv:      It lets you see invisible.
Jewellery
 a - a +4 ring of protection
 b - an amulet of reflection (around neck)
 c - a ring of willpower
 k - a +6 ring of strength (left hand)
 l - the ring "Lebyite" (right hand) {rElec rF+ rC+ Str+3}
   (You acquired it on level 2 of the Dungeon)

   [ring of protection from cold]

   Str:       It affects your strength (+3).
   rF:        It protects you from fire.
   rC:        It protects you from cold.
   rElec:     It insulates you from electricity.
 r - a +5 ring of evasion
 w - a +5 ring of evasion
Wands
 e - a wand of digging (9)
 u - a wand of iceblast (5)
 D - a wand of paralysis (10) (quivered)
 E - a wand of flame (11)
Scrolls
 n - 5 scrolls of teleportation
 v - 2 scrolls of enchant armour
 z - a scroll of fog
 A - 2 scrolls of identify
 G - 2 scrolls of amnesia {unknown}
 H - a scroll of poison
 I - 3 scrolls of blinking
 J - a scroll of summoning {unknown}
 M - a scroll of magic mapping
Potions
 d - 3 potions of might
 g - 4 potions of haste
 i - 2 potions of heal wounds
 j - 4 potions of magic
 o - 2 potions of flight
 q - 3 potions of cancellation
 t - a potion of brilliance
 B - 6 potions of curing
 F - a potion of degeneration {unknown}
 K - a potion of berserk rage {unknown}


   Skills:
 - Level 7.7 Fighting
 - Level 1.1 Short Blades
 * Level 16.2 Polearms
 - Level 9.4 Armour
 - Level 4.4 Dodging
 - Level 7.0 Shields
 - Level 3.3 Evocations


You had 11 spell levels left.
You didn't know any spells.
Your spell library contained the following spells:

 Spells                   Type           Power      Damage    Failure   Level
 Beastly Appendage        Tmut           0%         N/A       100%        1
 Sandblast                Erth           0%         2d4       100%        1
 Summon Small Mammal      Summ           0%         N/A       100%        1
 Passwall                 Tmut/Erth      0%         N/A       100%        2
 Sublimation of Blood     Necr           0%         N/A       100%        2
 Wereblood                Tmut           0%         N/A       100%        2
 Call Canine Familiar     Summ           0%         N/A       100%        3
 Spider Form              Tmut/Pois      0%         N/A       100%        3
 Stone Arrow              Conj/Erth      0%         3d7       100%        3
 Summon Guardian Golem    Hex/Summ       0%         N/A       100%        3
 Summon Hydra             Summ           0%         N/A       100%        7


Dungeon Overview and Level Annotations

Branches:
Dungeon (11/15)            Temple (1/1) D:6            Lair (0/5) D:10
    Orc (0/2) D:11          Sewer (visited)

Altars:
Ashenzari
Cheibriados
Dithmenos
Elyvilon
Fedhas
Gozag
Hepliaklqana
Kikubaaqudgha
Makhleb
Nemelex Xobeh
Okawaru
Qazlal
Ru
Sif Muna
Trog
Uskayaw
Vehumet
Wu Jian
Xom
Yredelemnul
Zin
The Shining One
Beogh

Shops:
D:4 =*?*   D:10 [


Innate Abilities, Weirdness & Mutations

You have a somewhat thin skeletal structure. (Dex +2, Stealth+)
You are agile. (Dex +4, Str/Int -1)


Message History

You destroy the vampire mosquito!
The Shining One accepts your kill.
You hear a shout!
You barely miss the wraith. The wraith hits you. The wraith drains your vigour!
You feel yourself slow down.
You completely miss the wraith. The wraith hits you but does no damage.
You slice the wraith!!
You destroy the wraith!
The Shining One accepts your kill.
You feel better.
You hear two shouts!
You block the killer bee's attack. x2
A troll comes into view.
You completely miss the killer bee. The killer bee barely misses you.
The killer bee stings you but does no damage. x2
You puncture the killer bee!
You kill the killer bee!
A two-headed ogre comes into view.
It is wielding a +0 giant club and a +0 dire flail of protection.
The troll bites you!
The troll claws you but does no damage. x2
You slice the troll!!
You kill the troll!
You hear an angry buzzing noise.
A troll comes into view.
You feel yourself speed up.
The troll shouts!
You hear a bellow!
The two-headed ogre hits you with a +0 giant club.
The two-headed ogre barely misses you.
A manticore comes into view.
Items here: ( ) ††.
You skewer the two-headed ogre like a kebab!!!
The two-headed ogre is almost dead.
You hear an angry buzzing noise.
The two-headed ogre hits you with a +0 giant club!!
* * * LOW HITPOINT WARNING * * *
The two-headed ogre closely misses you.
A wraith comes into view.
As you read the scroll of fog, it crumbles to dust.
The scroll dissolves into smoke.
The two-headed ogre hits you with a +0 giant club!!
You die...

### ##. ..# #.. #'####
# ##.####### ..[..# ..
#........# .....# ...
#........# .....# ....
#..).....# .....# .....
#####........# .....+
......####§...........#
.....#
.....THO@§§###........#
.....# ......######
#######.## .....# .....
##..# ...(.# ###W #..##
###### # ##.## ...#
#..# ##'## ###.## ....#
#....# ....# #....#


You could see a two-headed ogre and a manticore.

Vanquished Creatures
  Erica (D:11)
  3 death yaks (D:10)
  A boulder beetle (D:11)
  2 two-headed ogres
  Nergalle (D:10)
  3 slime creatures (D:8)
  2 manticores (D:11)
  Maurice (D:8)
  2 gargoyles
  2 unseen horrors
  Maggie (D:10)
  A komodo dragon (D:11)
  An efreet (D:11)
  A troll (D:11)
  3 hornets
  Grinder (D:5)
  A shadow (D:11)
  2 wraiths (D:11)
  3 yaks (D:11)
  4 wyverns
  A vampire (D:11)
  2 vampire mosquitoes
  Duvessa (D:7)
  An acid dragon (D:9)
  2 water moccasins (D:8)
  3 orc warriors
  An ice beast (D:6)
  A black bear (D:5)
  An ogre (D:7)
  2 kobold brigands
  A bullfrog (D:6)
  2 necrophages
  2 gnoll sergeants
  3 scorpions
  Dowan (D:7)
  37 killer bees
  7 howler monkeys
  6 electric eels (D:6)
  4 hounds
  A gnoll bouda (D:7)
  2 jellies
  13 orc priests
  Ijyb (D:3)
  3 iguanas
  4 hell rats (D:10)
  5 orc wizards
  9 gnolls
  7 river rats
  6 adders
  3 shadow imps
  2 white imps (D:6)
  An ufetubus (D:6)
  8 worms
  5 dart slugs
  35 orcs
  6 endoplasms
  5 giant cockroaches
  7 hobgoblins
  2 jackals (D:2)
  22 kobolds
  A quokka (D:2)
  9 ball pythons
  6 bats
  4 frilled lizards
  9 goblins
  15 rats
305 creatures vanquished.

Vanquished Creatures (others)
  3 fungi (D:2)
  11 plants
14 creatures vanquished.

Grand Total: 319 creatures vanquished

Notes
Turn   | Place    | Note
-------+----------+-------------------------------------------
     0 | D:1      | Pimp the Hill Orc Fighter began the quest for the Orb.
     0 | D:1      | Reached XP level 1. HP: 19/19 MP: 1/1
   258 | D:1      | Reached XP level 2. HP: 27/27 MP: 2/2
   297 | D:1      | Identified a scroll of acquirement
   297 | D:1      | Acquired the +8 crystal plate armour of Crawling {Harm
                  | rElec Will- Stlth+}
   427 | D:1      | Reached XP level 3. HP: 32/33 MP: 3/3
  1230 | D:2      | Found a faded altar of an unknown god.
  1287 | D:2      | Acquired the ring "Lebyite" {rElec rF+ rC+ Str+3}
  1813 | D:3      | Reached XP level 4. HP: 38/40 MP: 4/4
  1934 | D:3      | Noticed Ijyb
  1943 | D:3      | Killed Ijyb
  1944 | D:3      | Reached skill level 3 in Polearms
  2382 | D:4      | Found Hogop's Jewellery Boutique.
  2391 | D:4      | Reached skill level 1 in Short Blades
  2391 | D:4      | Reached XP level 5. HP: 47/47 MP: 5/5
  2455 | D:4      | Reached skill level 1 in Dodging
  2520 | D:4      | Found Irhiups's General Store.
  2694 | D:4      | Found Ehaul's Assorted Antiques.
  2697 | D:4      | Bought a glowing halberd for 161 gold pieces
  2714 | D:4      | Found Safim's Magic Scroll Shoppe.
  2721 | D:4      | Bought a scroll of enchant weapon for 82 gold pieces
  2993 | D:4      | Reached XP level 6. HP: 38/53 MP: 6/6
  3014 | D:4      | Reached skill level 5 in Armour
  3055 | D:4      | Found a glowing drain.
  3065 | Sewer    | Entered a sewer
  3081 | Sewer    | Reached skill level 4 in Polearms
  3221 | Sewer    | Reached XP level 7. HP: 60/60 MP: 7/7
  3380 | Sewer    | Reached skill level 5 in Fighting
  3782 | D:5      | Entered Level 5 of the Dungeon
  4048 | D:5      | Identified the +8 mace "Waxzaup" {heavy, rPois Dex+4}
  4463 | D:5      | Found a sacrificial altar of Ru.
  4463 | D:5      | Noticed a vampire mosquito
  4467 | D:5      | Noticed Grinder
  4471 | D:5      | Killed a vampire mosquito
  4472 | D:5      | Reached skill level 5 in Polearms
  4472 | D:5      | Reached skill level 5 in Shields
  4472 | D:5      | Reached XP level 8. HP: 41/69 MP: 8/8
  4475 | D:5      | Killed Grinder
  4608 | D:5      | Found an ancient bone altar of Kikubaaqudgha.
  4609 | D:5      | Noticed a wyvern
  4618 | D:5      | Killed a wyvern
  4896 | D:6      | Reached skill level 6 in Polearms
  5031 | D:6      | Found a staircase to the Ecumenical Temple.
  5040 | Temple   | Entered the Ecumenical Temple
  5217 | Temple   | Became a worshipper of the Shining One
  5380 | D:6      | Reached XP level 9. HP: 75/75 MP: 9/9
  5883 | D:7      | Reached skill level 7 in Polearms
  5911 | D:7      | Reached skill level 1 in Evocations
  5958 | D:7      | Reached * piety under the Shining One
  5958 | D:7      | Noticed Duvessa
  5959 | D:7      | Noticed Dowan
  6193 | D:7      | Killed Dowan
  6255 | D:7      | Killed Duvessa
  6329 | D:7      | You fall into a shaft and drop 1 floor!
  6381 | D:8      | Gained mutation: You are agile. (Dex +4, Str/Int -1)
                  | [potion of mutation]
  6381 | D:8      | Gained mutation: You have a somewhat thin skeletal
                  | structure. (Dex +2, Stealth+) [potion of mutation]
  6387 | D:8      | Noticed Maurice
  6389 | D:8      | Paralysed by Maurice for 2 turns
  6393 | D:8      | Killed Maurice
  6492 | D:8      | Reached XP level 10. HP: 82/86 MP: 10/10
  6504 | D:8      | Reached skill level 8 in Polearms
  7335 | D:9      | Reached ** piety under the Shining One
  7574 | D:9      | Reached skill level 9 in Polearms
  7582 | D:9      | Noticed a two-headed ogre
  7592 | D:9      | Killed a two-headed ogre
  7593 | D:9      | Reached skill level 10 in Polearms
  7878 | D:9      | Identified the -1 helmet "Koomayh" {Fly rPois rC- Int+3}
  8027 | D:9      | Reached XP level 11. HP: 75/93 MP: 11/11
  8185 | D:9      | Reached skill level 11 in Polearms
  8316 | D:9      | Found a sparkling altar of Nemelex Xobeh.
  8510 | D:10     | Entered Level 10 of the Dungeon
  8510 | D:10     | Noticed Maggie
  8513 | D:10     | Killed Maggie
  8556 | D:10     | Noticed a two-headed ogre
  8561 | D:10     | Killed a two-headed ogre
  8626 | D:10     | Reached skill level 12 in Polearms
  8692 | D:10     | Noticed a death yak
  8694 | D:10     | Noticed a death yak
  8695 | D:10     | Noticed a death yak
  8701 | D:10     | Killed a death yak
  8704 | D:10     | Killed a death yak
  8705 | D:10     | Reached skill level 13 in Polearms
  8706 | D:10     | Killed a death yak
  8720 | D:10     | Found a staircase to the Lair.
  8772 | D:10     | Noticed Nergalle
  8776 | D:10     | Killed Nergalle
  8883 | D:10     | Found Kuih's Antique Armour Shop.
  9319 | D:11     | Noticed a manticore
  9327 | D:11     | Killed a manticore
  9328 | D:11     | Reached skill level 14 in Polearms
  9342 | D:11     | Found a staircase to the Orcish Mines.
  9345 | D:11     | Reached *** piety under the Shining One
  9359 | D:11     | Found a roughly hewn altar of Beogh.
  9635 | D:11     | Noticed Erica
  9639 | D:11     | Killed Erica
  9640 | D:11     | Reached XP level 12. HP: 91/101 MP: 12/12
  9885 | D:11     | Found the +3 crown of Dyrovepreva {rElec Int+2 SInv}
  9891 | D:11     | Reached skill level 15 in Polearms
 10019 | D:11     | Noticed a boulder beetle
 10029 | D:11     | Killed a boulder beetle
 10034 | D:11     | Reached skill level 16 in Polearms
 10039 | D:11     | Noticed a two-headed ogre
 10044 | D:11     | Mangled by a two-headed ogre

Illustrated notes

Levels and vault maps discovered:
D:1:      lemuel_arrival_behind_the_door_large, layout_basic,
          hangedman_decor_lopped, st_stairs_2, grunt_decor_fettered,
          serial_bayou_pond_a, due_unseen_surprise
D:2:      layout_loops_cross, dreamdust_ecumenical_altar_grove,
          nrook_mini_vaults
D:3:      layout_rooms, st_stairs_1, uniq_ijyb
D:4:      layout_basic, lightli_sewer_entry_pipes, serial_shops,
          nicolae_diamond_shop, nicolae_shop_stone, nicolae_shop_behind_doors,
          shop
D:5:      layout_loops_ring, hangedman_feature_mirror, roderic_roman_lattice,
          uniq_grinder
D:6:      cheibrodos_two_vegetables, layout_rooms, minmay_temple_entry_mist
D:7:      layout_rooms, worms_lemuel, uniq_duvessa
D:8:      layout_gridville, uniq_maurice
D:9:      layout_roguey, nemelex_altar_shiori, chequers_avenue
D:10:     layout_roguey, dpeg_lair_monsters, serial_shops, shop,
          lightli_orcish_oven, uniq_maggie, uniq_nergalle
D:11:     layout_roguey, minmay_orc_entry_temple_small, kennysheep_kite_vault,
          uniq_erica
Temple:   mainiacjoe_temple_starburst

Skill      XL: |  1  2  3  4  5  6  7  8  9 10 11 12 |
---------------+-------------------------------------+-----
Fighting       | 4 5 6 7 |  7.7
Armour         | 4 5 6 7 8 9 |  9.4
Polearms       | 3 4 5 6 7 10 14 16 | 16.2
Short Blades   | 1 |  1.1
Dodging        | 1 2 3 4 |  4.4
Shields        | 4 5 6 7 |  7.0
Evocations     | 2 3 |  3.3

Action                     |  1- 3 |  4- 6 |  7- 9 | 10-12 || total
---------------------------+-------+-------+-------+-------++-------
  Melee: Trident           |   131 |    67 |       |       ||   198
         Halberd           |       |    70 |   213 |   237 ||   520
  Throw: Dart              |       |     3 |       |       ||     3
  Evoke: Wand              |       |       |       |     8 ||     8
    Use: Scroll            |     5 |     4 |    13 |     3 ||    25
         Potion            |       |       |     4 |     2 ||     6
   Stab: Invisible         |       |     1 |       |       ||     1
 Armour: Scale mail        |    26 |       |       |       ||    26
         Crystal plate arm |    99 |   118 |   197 |   207 ||   621
  Dodge: Dodged            |    40 |    31 |    82 |   112 ||   265
  Block: Buckler           |    32 |    16 |       |       ||    48
         Other             |       |       |       |    62 ||    62
         Reflection        |       |       |       |     1 ||     1

Table legend: (Time is in decaauts)
 A = Elapsed time spent in this place.
 B = Non-inter-level travel time spent in this place.
 C = Inter-level travel time spent in this place.
 D = Time resting spent in this place.
 E = Time spent auto-exploring this place.
 F = Levels seen in this place.
 G = Mean time per level.
                   A        B        C        D        E       F      G
               +--------+--------+--------+--------+--------+-----+--------+
         Total |  10384 |   9905 |    479 |   1871 |   5699 |  13 |  798.8 |
       Dungeon |   9649 |   9267 |    382 |   1771 |   5331 |  11 |  877.2 |
        Temple |    275 |    178 |     97 |      0 |    168 |   1 |  275.0 |
         Sewer |    459 |    459 |      0 |    100 |    199 |   1 |  459.0 |
               +--------+--------+--------+--------+--------+-----+--------+

Top non-repeatable levels by time:
     D:9: 1496 daAuts
     D:1: 1167 daAuts
     D:4: 1137 daAuts
     D:5: 1064 daAuts
     D:6: 969 daAuts
    D:10: 792 daAuts
     D:8: 765 daAuts
    D:11: 762 daAuts
     D:2: 625 daAuts
     D:3: 580 daAuts
   Sewer: 459 daAuts
     D:7: 287 daAuts
  Temple: 275 daAuts
